 Dungeon Sprint DCSS version 0.28-a0-79-g444c7a33f5 (webtiles) character file.

Game seed: 6436538883186376504

20339 Zeldest the Brawler (level 12, -6/71 HPs)
             Began as a Vine Stalker Transmuter on Aug 2, 2021.
             Was the Champion of Cheibriados.
             Mangled by an orc knight (44 damage)
             ... in the Dungeon (Sprint IX: "|||||||||||||||||||||||||||||").
             The game lasted 00:05:57 (862 turns).

Zeldest the Brawler (Vine Stalker Transmuter)        Turns: 862, Time: 00:05:58

Health: -6/71      AC: 11    Str: 32    XL:     12   Next: 78%
Magic:  0/20       EV: 24    Int: 28    God:    Cheibriados [******]
Gold:   1106       SH:  0    Dex: 31    Spells: 12/15 levels left

rFire   . . .      SeeInvis .     - Unarmed
rCold   . . .      Faith    .   (no shield)
rNeg    . . .      Spirit   +   p - +2 troll leather armour
rPois   .          Reflect  .   (helmet currently unavailable)
rElec   .          Harm     .   q - +0 cloak
rCorr   .          Rampage  .   (no gloves)
Will    +....      NoTele   +   (boots currently unavailable)
Stlth   ++........              (no amulet)
HPRegen 2.21/turn               k - +2 ring of protection
MPRegen 0.17/turn               l - +2 ring of protection

@: lethally poisoned (-6 -> -6), appendages, wereblooded, very slow
A: horns 2, talons 2, fangs 3, regeneration 1, magic shield, antimagic bite, no
potion heal 2, claws 1, deformed body, wild magic 1
a: End Transformation, Renounce Religion, Bend Time, Temporal Distortion,
Slouch, Step From Time


You were in the Dungeon.
You worshipped Cheibriados.
Cheibriados was exalted by your worship.
You had temporarily grown beastly horns and talons.
You visited 1 branch You collected 1106 gold pieces.

Inventory:

Armour
 a - a +0 robe
 h - a +0 pair of boots (melded)
 i - a +0 helmet (melded)
 j - a +1 chain mail
 p - a +2 troll leather armour (worn)
 q - a +0 cloak (worn)
Jewellery
 k - a +2 ring of protection (left claw)
 l - a +2 ring of protection (right claw)
Scrolls
 e - 2 scrolls of amnesia
 g - a scroll of fog
 m - 2 scrolls of fear
 n - a scroll of blinking
Potions
 b - 6 potions of curing
 c - a potion of might
 d - 4 potions of magic
 f - a potion of brilliance


   Skills:
 + Level 11.9 Fighting
 + Level 11.0 Armour
 + Level 11.2 Dodging
 + Level 17.0 Unarmed Combat
 - Level 2.1 Spellcasting
 + Level 13.0 Transmutations
 + Level 10.0 Invocations


You had 12 spell levels left.
You knew the following spells:

 Your Spells              Type           Power      Damage    Failure   Level
a - Beastly Appendage     Tmut           100%       N/A       1%          1
b - Wereblood             Tmut           78%        N/A       1%          2

Your spell library contained the following spells:

 Spells                   Type           Power      Damage    Failure   Level
 Spider Form              Tmut/Pois      25%        N/A       3%          3
 Ice Form                 Ice/Tmut       51%        N/A       11%         4


Dungeon Overview and Level Annotations

Branches:
Dungeon (1/1)

Altars:
Cheibriados
Dithmenos
Elyvilon
Fedhas
Gozag
Hepliaklqana
Kikubaaqudgha
Makhleb
Nemelex Xobeh
Okawaru
Qazlal
Ru
Sif Muna
Trog
Uskayaw
Vehumet
Wu Jian
Xom
Yredelemnul
Zin
The Shining One
Beogh
Jiyva
Lugonu

Shops:
D ?*=(


Innate Abilities, Weirdness & Mutations

You have temporarily grown beastly horns and talons.
You have razor-sharp teeth.
Your natural rate of healing is unusually fast.
When hurt, damage is shared between your health and your magic reserves.
Your bite disrupts and absorbs the magic of your enemies.
Potions cannot restore your health.
You have sharp fingernails.
Armour fits poorly on your strangely shaped body.
Your spells are a little harder to cast, but a little more powerful.


Message History

The orange demon misses you. The orange demon barely misses you.
The soul eater draws from the surrounding life force!
The soul eater is healed.
The orange demon stings you. The orange demon misses you.
The orc knight curses repeatedly, as Orcs often do.
There is an entrance to Venocise's Jewellery Emporium here.
You see here a +0 short sword.
You mangle the orange demon!!
You kill the orange demon!
You feel sick.
You feel very sick. The orc high priest misses you.
The orc high priest prays to Beogh.
You mangle the orc high priest!! You claw the orc high priest!
You headbutt the orc high priest! You claw the orc high priest.
You feel a bit better.
You kill the orc high priest!
Cheibriados thoroughly appreciates the change of pace.
The soul eater disappears in a puff of smoke!
The red devil disappears in a puff of smoke!
You feel sick.
Your Armour skill increases to level 11!
Your Unarmed Combat skill increases to level 17!
Your Transmutations skill increases to level 13!
Your Invocations skill increases to level 10!
You mangle the orc knight!! You claw the orc knight.
You headbutt the orc knight.
You bite the orc knight, but do no damage.
The orc knight is almost dead.
You feel sick. The orc knight closely misses you.
You closely miss the orc knight. Your kick misses the orc knight.
You headbutt the orc knight.
You feel a bit better.
You kill the orc knight!
Cheibriados thoroughly appreciates the change of pace.
You howl as the wereblood boils in your veins!
You feel sick.
You feel very sick.
The orc knight hits you with a +1 great mace of holy wrath!!!
Ouch! That really hurt!
You die...

▓)▓.▓†▓.▓.▓
▓.▓.▓.▓.▓.▓
▓.▓.▓.▓.▓∩▓
▓.▓.▓.▓.▓.▓
▓)▓.▓.▓.▓∩▓
▓.▓.▓.▓.▓.▓
▓.▓.▓.▓.▓∩▓
▓'▓.▓.▓)▓.▓
▓)▓.▓.▓.▓@▓
▓)▓.▓[▓.▓o▓
▓.▓.▓'▓.▓§▓
▓.▓.▓.▓.▓.▓
▓.▓.▓.▓.▓.▓
▓.▓.▓.▓.▓.▓
▓'▓.▓[▓.▓+▓
▓÷▓.▓[▓.▓
▓)▓.▓[▓.▓


You could see an orc knight (strong).

Vanquished Creatures
  Erica (D)
  4 hydras (D)
  2 centaur warriors (D)
  A two-headed ogre (D)
  Urug (D)
  6 orc high priests (D)
  10 orc knights (D)
  A manticore (D)
  An orc sorcerer (D)
  An elephant (D)
  A black mamba (D)
  4 cane toads (D)
  A komodo dragon (D)
  3 polar bears (D)
  2 trolls (D)
  A vampire (D)
  A wyvern (D)
  An acid dragon (D)
  A water moccasin (D)
  10 orc warriors (D)
  6 black bears (D)
  A necrophage (D)
  An ogre (D)
  A phantom (D)
  A centaur (D)
  A kobold brigand (D)
  3 bullfrogs (D)
  6 orc priests (D)
  A hell rat (D)
  An orc wizard (D)
  3 orcs (D)
  2 endoplasms (D)
  A quokka (D)
  2 ball python zombies (D)
  A bat (D)
  A jackal zombie (D)
  A kobold (D)
  A rat (D)
87 creatures vanquished.

Notes
Turn   | Place    | Note
-------+----------+-------------------------------------------
     0 | D        | Zeldest the Vine Stalker Transmuter began the quest for the
                  | Orb.
     0 | D        | Reached XP level 1. HP: 9/9 MP: 4/4
    10 | D        | Reached skill level 4 in Unarmed Combat
    18 | D        | Noticed an ogre
    18 | D        | Noticed a phantom
    18 | D        | Noticed a necrophage
    22 | D        | Killed an ogre
    23 | D        | Reached skill level 9 in Unarmed Combat
    23 | D        | Reached XP level 2. HP: 14/14 MP: 4/6
    23 | D        | Reached XP level 3. HP: 17/17 MP: 4/7
    23 | D        | Gained mutation: Your natural rate of healing is unusually
                  | fast. [Vine Stalker growth]
    23 | D        | Reached XP level 4. HP: 21/21 MP: 4/8
    30 | D        | Killed a phantom
    31 | D        | Reached skill level 10 in Unarmed Combat
    31 | D        | Reached XP level 5. HP: 25/25 MP: 6/9
    32 | D        | Killed a necrophage
    33 | D        | Reached skill level 12 in Unarmed Combat
    33 | D        | Reached XP level 6. HP: 29/29 MP: 10/10
    40 | D        | Found a snail-covered altar of Cheibriados.
    40 | D        | Found a shadowy altar of Dithmenos.
    40 | D        | Found a white marble altar of Elyvilon.
    40 | D        | Found a blossoming altar of Fedhas.
    40 | D        | Found an opulent altar of Gozag.
    41 | D        | Found a hazy altar of Hepliaklqana.
    42 | D        | Found a viscous altar of Jiyva.
    43 | D        | Found an ancient bone altar of Kikubaaqudgha.
    44 | D        | Became a worshipper of Cheibriados the Contemplative
    45 | D        | Found a corrupted altar of Lugonu.
    46 | D        | Found a burning altar of Makhleb.
    47 | D        | Found a sparkling altar of Nemelex Xobeh.
    48 | D        | Found an iron altar of Okawaru.
    49 | D        | Found a stormy altar of Qazlal.
    50 | D        | Found a sacrificial altar of Ru.
    51 | D        | Found a shimmering blue altar of Sif Muna.
    52 | D        | Found a bloodstained altar of Trog.
    53 | D        | Found a hide-covered altar of Uskayaw.
    54 | D        | Found a radiant altar of Vehumet.
    55 | D        | Found an ornate altar of the Wu Jian Council.
    56 | D        | Found a shimmering altar of Xom.
    57 | D        | Found a basalt altar of Yredelemnul.
    58 | D        | Found a glowing silver altar of Zin.
    59 | D        | Found a glowing golden altar of the Shining One.
   106 | D        | Noticed a troll
   106 | D        | Noticed a two-headed ogre
   108 | D        | Reached * piety under Cheibriados
   109 | D        | Killed a troll
   110 | D        | Reached XP level 7. HP: 32/36 MP: 11/11
   117 | D        | Reached ** piety under Cheibriados
   123 | D        | Killed a two-headed ogre
   123 | D        | Reached *** piety under Cheibriados
   124 | D        | Reached skill level 5 in Fighting
   124 | D        | Reached skill level 5 in Dodging
   124 | D        | Reached skill level 13 in Unarmed Combat
   124 | D        | Gained mutation: You have razor-sharp teeth. [Vine Stalker
                  | growth]
   124 | D        | Reached XP level 8. HP: 12/44 MP: 12/12
   145 | D        | Learned a level 2 spell: Wereblood
   147 | D        | Noticed a manticore
   147 | D        | Noticed a centaur warrior
   147 | D        | Noticed a centaur warrior
   147 | D        | Noticed a troll
   147 | D        | Noticed a vampire
   152 | D        | Killed a manticore
   153 | D        | Reached skill level 5 in Armour
   157 | D        | Killed a centaur warrior
   158 | D        | Reached skill level 14 in Unarmed Combat
   158 | D        | Reached XP level 9. HP: 22/50 MP: 8/13
   161 | D        | Killed a centaur warrior
   161 | D        | Reached **** piety under Cheibriados
   163 | D        | Killed a troll
   169 | D        | Reached ***** piety under Cheibriados
   170 | D        | Reached XP level 10. HP: 48/56 MP: 14/14
   253 | D        | Gained mutation: You have sharp fingernails. [potion of
                  | mutation]
   253 | D        | Gained mutation: Armour fits poorly on your strangely
                  | shaped body. [potion of mutation]
   253 | D        | Gained mutation: Your spells are a little harder to cast,
                  | but a little more powerful. [potion of mutation]
   491 | D        | Noticed a cane toad
   491 | D        | Noticed a cane toad
   491 | D        | Noticed a six-headed hydra
   491 | D        | Noticed a cane toad
   494 | D        | Noticed a five-headed hydra
   495 | D        | Killed a cane toad
   496 | D        | Reached skill level 1 in Invocations
   498 | D        | Killed a six-headed hydra
   501 | D        | Killed a cane toad
   503 | D        | Killed a cane toad
   506 | D        | Reached ****** piety under Cheibriados
   507 | D        | Reached skill level 15 in Unarmed Combat
   509 | D        | Killed a five-headed hydra
   510 | D        | Reached skill level 10 in Transmutations
   523 | D        | Noticed an elephant
   523 | D        | Noticed a four-headed hydra
   523 | D        | Noticed a cane toad
   523 | D        | Noticed an eight-headed hydra
   526 | D        | Killed an elephant
   527 | D        | Killed a four-headed hydra
   528 | D        | Reached skill level 5 in Invocations
   528 | D        | Reached XP level 11. HP: 62/62 MP: 14/16
   533 | D        | Killed an eight-headed hydra
   536 | D        | Reached skill level 10 in Fighting
   618 | D        | Noticed Erica
   624 | D        | Killed Erica
   630 | D        | Noticed Urug
   637 | D        | Killed Urug
   696 | D        | Noticed an orc knight
   703 | D        | Reached skill level 16 in Unarmed Combat
   706 | D        | Killed an orc knight
   708 | D        | Reached skill level 10 in Dodging
   733 | D        | Noticed an orc sorcerer
   733 | D        | Noticed an orc knight
   735 | D        | Noticed an orc knight
   737 | D        | Killed an orc sorcerer
   741 | D        | Reached skill level 10 in Armour
   745 | D        | Killed an orc knight
   745 | D        | Noticed an orc knight
   746 | D        | Reached XP level 12. HP: 69/69 MP: 9/19
   794 | D        | Found Zunagro's Magic Scroll Emporium.
   794 | D        | Noticed an orc high priest
   794 | D        | Noticed an orc high priest
   804 | D        | Noticed an orc high priest
   807 | D        | Killed an orc high priest
   811 | D        | Killed an orc high priest
   818 | D        | Found Wyggakopp's General Store.
   818 | D        | Noticed an orc high priest
   822 | D        | Killed an orc high priest
   826 | D        | Killed an orc high priest
   827 | D        | Found Venocise's Jewellery Emporium.
   830 | D        | Found Pag Kuax's Weapon Shoppe.
   844 | D        | Noticed an orc high priest
   845 | D        | Noticed an orc high priest
   849 | D        | Noticed a soul eater
   849 | D        | Killed an orc high priest
   859 | D        | Killed an orc high priest
   860 | D        | Reached skill level 17 in Unarmed Combat
   860 | D        | Reached skill level 10 in Invocations
   862 | D        | Mangled by an orc knight

Illustrated notes

Levels and vault maps discovered:
D:        linesprint [early_d, line_temple, items_1, d_10, items_2, lair_1,
          lair_end, items_3, orc_1, orc_end, items_4, d_15, swamp_1, shoals_1,
          snake_1, spider_1, d_20, vaults_1, items_5, swamp_end, shoals_end,
          snake_end, spider_end, vaults_end, d_27, items_6, zot_1, zot_end,
          crypt_end, forest_end, elf_end, slime_end, tomb_end, abyss_end,
          pan_hell_end]

Skill      XL: |  1  2  3  4  5  6  7  8  9 10 11 12 |
---------------+-------------------------------------+-----
Unarmed Combat | 9 10 12 13 14 15 16 17 | 17.0
Fighting       | 3 5 7 8 9 10 11 | 11.9
Armour         | 2 4 6 7 8 10 11 | 11.0
Dodging        | 3 5 6 7 9 10 11 | 11.2
Transmutations | 3 6 7 9 10 11 13 | 13.0
Invocations    | 5 8 10 | 10.0
Spellcasting   | |  2.1

Action                   |  1- 3 |  4- 6 |  7- 9 | 10-12 || total
-------------------------+-------+-------+-------+-------++-------
Melee: Unarmed           |     8 |    11 |    19 |   126 ||   164
       Kick              |     3 |     2 |    13 |    72 ||    90
       Headbutt          |     1 |     1 |     7 |    47 ||    56
       Bite              |       |     2 |    10 |    48 ||    60
       Punch             |       |     1 |     5 |    19 ||    25
 Cast: Beastly Appendage |     2 |       |     1 |     7 ||    10
       Wereblood         |       |       |     1 |     7 ||     8
Invok: Slouch            |       |       |       |     3 ||     3
Evoke: Wand              |       |     3 |     7 |       ||    10
  Use: Potion            |     2 |     1 |     1 |     1 ||     5
       Scroll            |       |       |     2 |     2 ||     4
Armor: Robe              |     1 |     1 |       |       ||     2
       Chain mail        |       |       |    18 |       ||    18
       Troll leather arm |       |       |       |    11 ||    11
Dodge: Dodged            |     3 |     2 |    18 |    97 ||   120

Table legend: (Time is in decaauts)
 A = Elapsed time spent in this place.
 B = Non-inter-level travel time spent in this place.
 C = Inter-level travel time spent in this place.
 D = Time resting spent in this place.
 E = Time spent auto-exploring this place.
 F = Levels seen in this place.
 G = Mean time per level.
                   A        B        C        D        E       F      G
               +--------+--------+--------+--------+--------+-----+--------+
         Total |   1288 |   1102 |    186 |      0 |      0 |   1 | 1288.0 |
       Dungeon |   1288 |   1102 |    186 |      0 |      0 |   1 | 1288.0 |
               +--------+--------+--------+--------+--------+-----+--------+

Top non-repeatable levels by time:
       D: 1288 daAuts
